 Dungeon Crawl Stone Soup version 0.21-a0-88-g13b9641 (webtiles) character file.

3566 Lavandula the Quickloader (level 9, -1/59 HPs)
             Began as a Mummy Arcane Marksman on June 26, 2017.
             Was an Initiate of Ashenzari.
             Killed from afar by a steam dragon (28 damage)
             ... with a ball of steam
             ... on level 9 of the Dungeon on June 27, 2017.
             The game lasted 00:33:38 (5998 turns).

Lavandula the Quickloader (Mummy Arcane Marksman)   Turns: 5998, Time: 00:33:39

Health: -1/59      AC:  7    Str: 13    XL:     9   Next: 84%
Magic:  0/11       EV: 15    Int: 12    God:    Ashenzari [......]
Gold:   235        SH:  0    Dex: 24    Spells: 1/10 levels left

rFire    x . .     SeeInvis +   y - +8 arbalest "Kikeamuo" {penet, Dex+4 SInv Stlth+}
rCold    + + .     Gourm    .   (shield currently unavailable)
rNeg     + + +     Faith    .   E - +2 leather armour {rF+}
rPois    ∞         Spirit   +   l - +2 hat
rElec    .         Reflect  .   (no cloak)
rCorr    .         Harm     .   (no gloves)
MR       +....                  (no boots)
Stlth    +++.......             o - amulet of guardian spirit (curse)
HPRegen  0.19/turn              v - ring of ice
MPRegen  0.12/turn              F - +4 ring of dexterity (curse)

@: no status effects
A: no food or potions, fire vulnerability, cold resistance 1, negative energy
resistance 3, torment resistance, unbreathing
a: Curse Item, Renounce Religion


You were on level 9 of the Dungeon.
You worshipped Ashenzari.
Ashenzari was noncommittal.
You were not hungry.

You visited 2 branches of the dungeon, and saw 10 of its levels.

You collected 453 gold pieces.
You spent 218 gold pieces at shops.

Inventory:

Hand Weapons
 a - a +0 hand crossbow
 f - a +0 short sword
 q - the +5 long sword of Zin's Anger {slice, rC+}
   (You found it on level 4 of the Dungeon)

   It inflicts extra damage upon your enemies.
   It protects you from cold.
 r - a +0 dagger of draining
 y - the +8 arbalest "Kikeamuo" (weapon) {penet, Dex+4 SInv Stlth+}
   (You bought it in a shop on level 5 of the Dungeon)

   Ammo fired by it will pass through the targets it hits, potentially hitting
   all targets in its path until it reaches maximum range.
   It affects your dexterity (+4).
   It lets you see invisible.
   It makes you more stealthy.
 H - the +8 demon blade "Leech" {vamp, rN+ AC-3 EV-3}
   (You found it on level 9 of the Dungeon)

   It inflicts no extra harm, but heals its wielder when it wounds a living foe.
   It affects your AC (-3).
   It affects your evasion (-3).
   It protects you from negative energy.
Missiles
 b - 4 poisoned javelins
 d - 21 bolts (quivered)
 g - 8 javelins
 x - 8 tomahawks
Armour
 e - a +0 robe
 k - a +2 leather armour
 l - a +2 hat (worn)
 C - a +0 helmet
 E - a +2 leather armour of fire resistance (worn)
Magical Staves
 w - an uncursed staff of summoning
Jewellery
 o - a cursed amulet of guardian spirit (around neck)
 v - a ring of ice (left hand)
 F - a cursed +4 ring of dexterity (right hand)
 I - an uncursed ring of magical power
Wands
 u - a wand of digging (10/24)
 z - a wand of iceblast (2/15)
Scrolls
 h - 3 scrolls of remove curse
 i - 3 scrolls of enchant weapon
 j - 3 scrolls of amnesia
 m - 3 scrolls of recharging
 n - 3 scrolls of teleportation
 p - a scroll of random uselessness {unknown}
 s - 2 scrolls of blinking
 t - 5 scrolls of immolation
 A - a scroll of vulnerability {unknown}
 D - a scroll of magic mapping {unknown}
 G - a scroll of brand weapon {unknown}
Books
 c - a book of Debilitation

   Spells                             Type                      Level
   a - Corona                         Hexes                        1
   b - Slow                           Hexes                        2
   c - Inner Flame                    Hexes/Fire                   3
   d - Portal Projectile              Hexes/Translocation          3
   e - Cause Fear                     Hexes                        4
   f - Leda's Liquefaction            Hexes/Earth                  4
 B - a book of Party Tricks

   Spells                             Type                      Level
   a - Summon Butterflies             Summoning                    1
   b - Apportation                    Translocation                1
   c - Lesser Beckoning               Translocation                3
   d - Tukima's Dance                 Hexes                        3
   e - Alistair's Intoxication        Transmutation/Poison         5
   f - Invisibility                   Hexes                        6


   Skills:
 - Level 1.0 Fighting
 - Level 1.2 Long Blades
 - Level 9.3 Crossbows
 - Level 4.4 Dodging
 - Level 1.3 Spellcasting
 - Level 2.6 Hexes
 + Level 4.7 Summonings
 - Level 3.0 Translocations


You had one spell level left.
You knew the following spells:

 Your Spells              Type           Power        Failure   Level  Hunger
a - Corona                Hex            #......      12%         1    N/A
b - Slow                  Hex            #.......     19%         2    N/A
c - Apportation           Tloc           #.....       11%         1    N/A
d - Summon Butterflies    Summ           ##......     5%          1    N/A
e - Cause Fear            Hex            #.........   77%         4    N/A

Dungeon Overview and Level Annotations

Branches:
Dungeon (9/15)             Temple (1/1) D:7
   Lair: D:8-11         Orc: D:9-12

Altars:
Ashenzari
Cheibriados
Dithmenos
Elyvilon
Fedhas
Gozag
Hepliaklqana
Kikubaaqudgha
Makhleb
Nemelex Xobeh
Okawaru
Qazlal
Ru
Sif Muna
Trog
Uskayaw
Vehumet
Wu Jian
Xom
Yredelemnul
Zin

Shops:
D:5 (   D:9 *

Annotations:
D:8 Psyche


Innate Abilities, Weirdness & Mutations

You do not eat or drink.
Your flesh is vulnerable to fire.
You are immune to poison.
Your flesh is cold resistant. (rC+)
You are immune to negative energy. (rN+++)
You are immune to unholy pain and torment.
You can survive without breathing.


Message History

Firing (i - inventory. (,) - cycle):
d - 23 bolts (quivered)
Press: ? - help, Shift-Dir - straight line, f - steam dragon
Aim: a steam dragon You shoot a bolt.
The bolt pierces through the steam dragon.
The steam dragon is lightly wounded.
You hear a splash.
The steam dragon breathes steam at you. The ball of steam hits you!
The steam scalds you terribly!
Firing (i - inventory. (,) - cycle):
d - 22 bolts (quivered)
Press: ? - help, Shift-Dir - straight line, f/p - steam dragon
Aim: a steam dragon (lightly wounded, catching its breath)
You shoot a bolt.
The bolt closely misses the steam dragon.
You hear a splash.
You are engulfed in a cloud of scalding steam.
The steam dragon completely misses you. The steam dragon barely misses you.
The steam dragon breathes steam at you. The ball of steam hits you!
The steam scalds you terribly!
You die...

#≈≈...#..##........
#≈.⌠.....##........
##≈....#...#...#..##
#≈....##.......#..#
#≈.#####...#...#..##
#≈..## #..#...<.....
#§.§§###..#.........
##..§≈##..#....#...#
##@§≈##.......#...#
##§≈###...........
#...D≈# ##.......#.#
#....≈##
##.......#.#
.....⌠.≈#
...........#
..#...≈(#
##.......#.# .
##.≈≈## .........#.#
..# ####
...........# ..##
.....>......


You could see a steam dragon.

Vanquished Creatures
  A two-headed ogre (D:9)
  Joseph (D:7)
  A komodo dragon (D:9)
  A hornet (D:9)
  A hippogriff (D:8)
  A steam dragon (D:9)
  A black bear (D:8)
  An ice beast (D:7)
  A sky beast (D:5)
  3 ogres
  A phantom (D:7)
  A centaur (D:5)
  A big kobold (D:7)
  A bullfrog (D:7)
  3 scorpions
  3 crimson imps
  A quasit (D:8)
  A bullfrog skeleton (D:9)
  A hound (D:8)
  A centaur skeleton (D:8)
  3 orc priests
  3 iguanas
  4 orc wizards
  5 worker ants
  A hound skeleton (D:5)
  3 gnolls (D:5)
  10 adders
  A shadow imp (D:7)
  3 oozes
  2 adder skeletons
  2 worms
  A dart slug (D:1)
  6 leopard geckos
  13 orcs
  2 giant cockroaches
  A goblin (D:1)
  7 hobgoblins
  2 jackals (D:1)
  11 kobolds
  2 quokkas (D:3)
  5 bats
  2 frilled lizards (D:1)
  A jackal zombie (D:5)
  A quokka skeleton (D:7)
  6 rats (D:1)
123 creatures vanquished.

Notes
Turn   | Place    | Note
-------+----------+-------------------------------------------
     0 | D:1      | Lavandula the Mummy Arcane Marksman began the quest for the Orb.
     0 | D:1      | Reached XP level 1. HP: 15/15 MP: 2/2
    62 | D:1      | Reached skill level 2 in Crossbows
   154 | D:1      | Reached XP level 2. HP: 21/21 MP: 0/4
   217 | D:1      | Learned a level 2 spell: Slow
   790 | D:2      | Reached XP level 3. HP: 25/26 MP: 1/5
   988 | D:3      | Reached skill level 3 in Crossbows
  1070 | D:3      | Reached XP level 4. HP: 24/32 MP: 4/6
  1678 | D:5      | Entered Level 5 of the Dungeon
  1836 | D:4      | Reached skill level 4 in Crossbows
  1842 | D:4      | Got a brightly glowing long sword
  1843 | D:4      | Identified the +5 long sword of Zin's Anger {slice, rC+} (You found it on level 4 of the Dungeon)
  1868 | D:4      | Reached XP level 5. HP: 34/37 MP: 7/7
  2024 | D:4      | Reached skill level 1 in Long Blades
  2379 | D:5      | Noticed a centaur
  2384 | D:5      | Killed a centaur
  2384 | D:5      | Reached XP level 6. HP: 32/43 MP: 5/8
  2428 | D:5      | Noticed a sky beast
  2447 | D:5      | Killed a sky beast
  2652 | D:5      | Found Efaucarpha's Antique Weapon Shop.
  2655 | D:5      | Bought a crude arbalest for 218 gold pieces
  2655 | D:5      | Identified the +8 arbalest "Kikeamuo" {penet, Dex+4 SInv Stlth+} (You bought it in a shop on level 5 of the Dungeon)
  2851 | D:6      | Learned a level 1 spell: Apportation
  2853 | D:6      | Learned a level 1 spell: Summon Butterflies
  3053 | D:6      | Reached skill level 1 in Translocations
  3053 | D:6      | Reached XP level 7. HP: 48/48 MP: 9/9
  3492 | D:7      | Found a staircase to the Ecumenical Temple.
  3554 | D:7      | Noticed Joseph
  3560 | D:7      | Reached skill level 5 in Crossbows
  3564 | D:7      | Reached XP level 8. HP: 54/54 MP: 10/10
  3573 | D:7      | Killed Joseph
  3573 | D:7      | Reached skill level 6 in Crossbows
  3774 | D:7      | Reached skill level 7 in Crossbows
  3831 | D:7      | Found a hide-covered altar of Uskayaw.
  4141 | D:8      | Noticed Psyche
  4288 | D:8      | Noticed a hippogriff
  4332 | Temple   | Entered the Ecumenical Temple
  4391 | Temple   | Became a worshipper of Ashenzari the Shackled
  4521 | D:8      | Killed a hippogriff
  4521 | D:8      | Reached skill level 8 in Crossbows
  4634 | D:8      | Reached XP level 9. HP: 50/59 MP: 11/11
  4640 | D:8      | Learned a level 4 spell: Cause Fear
  4804 | D:9      | Noticed a two-headed ogre
  4862 | D:9      | Killed a two-headed ogre
  4862 | D:9      | Reached skill level 9 in Crossbows
  5038 | D:9      | Noticed a komodo dragon
  5109 | D:9      | Found a radiant altar of Vehumet.
  5149 | D:9      | Reached skill level 1 in Summonings
  5153 | D:9      | Found an iron altar of Okawaru.
  5395 | D:9      | Found Zin's Purification Station.
  5397 | D:9      | Found a glowing silver altar of Zin.
  5580 | D:9      | Killed a komodo dragon
  5641 | D:9      | Reached * piety under Ashenzari
  5672 | D:9      | Noticed a troll
  5998 | D:9      | Killed from afar by a steam dragon

Vault maps used:
D:1:      minmay_arrival_shoal_huts
D:2:      nicolae_tso_carved_into_rock
D:4:      st_stairs_12, minmay_misc_feat_pillars
D:5:      first_bread, serial_shops, kennysheep_mini_moat
D:6:      sigmund_army, uniq_edmund
D:7:      lemuel_doored_altar, minmay_temple_entry_from_below_a, uniq_joseph,
          uniq_menkaure
D:8:      uniq_psyche
D:9:      cheibrodos_steamvent, kennysheep_mini, nicolae_overflow_crystal_walls,
          zin_purify, uniq_erolcha
Temple:   minmay_crystal_spiral_temple

Skill      XL: |  1  2  3  4  5  6  7  8  9 |
---------------+----------------------------+-----
Crossbows      | 2 3 4 5 8 9 |  9.3
Dodging        | 2 3 4 |  4.4
Long Blades    | 1 |  1.2
Translocations | 1 3 |  3.0
Summonings     | 4 |  4.7
Fighting       | |  1.0
Spellcasting   | |  1.3
Hexes          | |  2.6

Action                   |  1- 3 |  4- 6 |  7- 9 || total
-------------------------+-------+-------+-------++-------
Melee: Short sword       |    57 |    42 |       ||    99
       Long sword        |       |    32 |    86 ||   118
       Demon blade       |       |       |     5 ||     5
 Fire: Hand crossbow     |    48 |    45 |       ||    93
       Arbalest          |       |     8 |    86 ||    94
Throw: Javelin           |       |     2 |       ||     2
 Cast: Corona            |    21 |    11 |       ||    32
       Slow              |     1 |       |       ||     1
       Apportation       |       |       |     4 ||     4
       Summon Butterflie |       |       |    19 ||    19
Invok: Curse Item        |       |       |     2 ||     2
Evoke: Wand              |       |       |     2 ||     2
  Use: Scroll            |     7 |     2 |     3 ||    12
 Stab: Sleeping          |       |       |     1 ||     1
Armor: Robe              |     1 |       |       ||     1
       Leather armour    |    24 |    35 |    41 ||   100
Dodge: Dodged            |    74 |    64 |   111 ||   249
       Rpst.: Long sword |       |     6 |    14 ||    20
